 Dungeon Crawl Stone Soup version 0.22-a0-542-gce4f928 (webtiles) character file.

51 FluffGlitter the Charlatan (level 3, 0/17 HPs)
             Began as a Spriggan Artificer on June 24, 2018.
             Slain by a gnoll
             ... wielding a +0 spear
              (8 damage)
             ... on level 2 of the Dungeon.
             The game lasted 00:09:40 (2269 turns).

FluffGlitter the Charlatan (Spriggan Artificer)     Turns: 2269, Time: 00:09:40

Health: 0/17       AC:  2    Str:  8    XL:     3   Next: 58%
Magic:  7/7        EV: 19    Int: 12    God:
Gold:   95         SH:  0    Dex: 17    Spells: 2/2 levels left

rFire    . . .     SeeInvis +   m - +2 dagger (speed)
rCold    . . .     Gourm    .   (shield restricted)
rNeg     . . .     Faith    .   b - +0 robe
rPois    .         Spirit   .   (helmet restricted)
rElec    .         Reflect  .   (no cloak)
rCorr    .         Harm     .   (gloves unavailable)
MR       .....                  (boots unavailable)
Stlth    ++........             (no amulet)
HPRegen  0.05/turn              (no ring)
MPRegen  0.10/turn              (no ring)

@: very quick
A: very small, unfitting armour, see invisible, herbivore, speed 3, slow
metabolism 2
a: no special abilities


You were on level 2 of the Dungeon.
You were not hungry.

You visited 1 branch of the dungeon, and saw 2 of its levels.

You collected 95 gold pieces.

Inventory:

Hand Weapons
 a - a +0 short sword
 i - a +0 dagger
 m - a +2 dagger of speed (weapon)
Missiles
 g - 14 stones (quivered)
 n - 14 sling bullets
 o - 20 arrows
Armour
 b - a +0 robe (worn)
 k - a +0 leather armour
 p - a +0 leather armour
Wands
 c - a wand of flame (12)
 d - a wand of enslavement (14)
 e - a wand of random effects (15)
Scrolls
 j - a scroll of amnesia {unknown}
 q - a scroll of identify {unknown}
Potions
 h - a potion of haste {unknown}
 l - a potion of curing {unknown}
Comestibles
 f - 2 rations


   Skills:
 + Level 0.9 Fighting
 + Level 1.7 Short Blades
 + Level 3.7 Dodging
 + Level 2.7 Stealth
 + Level 5.0 Evocations


You had 2 spell levels left.
You didn't know any spells.
Your spell library was empty.

Dungeon Overview and Level Annotations

Branches:
Dungeon (2/15)

Altars:


Innate Abilities, Weirdness & Mutations

You are very small and have problems with some larger weapons.
You are too small for most types of armour.
You have supernaturally acute eyesight. (SInv)
You are a herbivore.
You cover ground extremely quickly.
You need to consume almost no food.


Message History

The stone hits the gnoll but does no damage.
Throwing (i - inventory)
g - 17 stones (quivered)
Press: ? - help, Shift-Dir - straight line, f/p - gnoll
Aim: a gnoll, wielding a spear You throw a stone.
The stone hits the gnoll.
The gnoll is lightly wounded.
The gnoll closely misses you.
Throwing (i - inventory)
g - 16 stones (quivered)
Press: ? - help, Shift-Dir - straight line, f/p - gnoll
Aim: a gnoll, wielding a spear (lightly wounded)
You throw a stone. The stone barely misses the gnoll.
The gnoll completely misses you.
Throwing (i - inventory)
g - 15 stones (quivered)
Press: ? - help, Shift-Dir - straight line, f/p - gnoll
Aim: a gnoll, wielding a spear (lightly wounded)
You throw a stone.
The stone hits the gnoll but does no damage.
The gnoll is lightly wounded.
The gnoll hits you from afar with a spear!
You die...

################
#..............#
#.########.....########
#. #.@.g((()(......#
#.#####.##.....######.#
#....##.##.....# .#
#.......####.### .#
#....#### #.# #.###
#.#.## #.# #g...
#.#.########.#.# .#.#.
#.............# .>..
#...#####.##.#.# #.#.


You could see a gnoll.

Vanquished Creatures
  A gnoll (D:2)
  2 adders (D:2)
  A leopard gecko (D:1)
  A giant cockroach (D:2)
  4 goblins
  A hobgoblin (D:1)
  A quokka (D:2)
  6 bats
  A frilled lizard (D:2)
  4 kobolds
  2 rats (D:1)
24 creatures vanquished.

Vanquished Creatures (others)
  A gnoll (D:2)
1 creature vanquished.

Grand Total: 25 creatures vanquished

Notes
Turn   | Place    | Note
-------+----------+-------------------------------------------
     0 | D:1      | FluffGlitter the Spriggan Artificer began the quest for the Orb.
     0 | D:1      | Reached XP level 1. HP: 9/9 MP: 4/4
   720 | D:1      | Reached XP level 2. HP: 14/14 MP: 6/6
  1636 | D:2      | Reached XP level 3. HP: 16/17 MP: 7/7
  1828 | D:2      | Reached skill level 5 in Evocations
  2269 | D:2      | Slain by a gnoll

Vault maps used:
D:1:      zaba_arrival_water
D:2:      st_stairs_9

Skill      XL: |  1  2  3 |
---------------+----------+-----
Stealth        | 2 |  2.7
Evocations     | 5 |  5.0
Fighting       | |  0.9
Short Blades   | |  1.7
Dodging        | |  3.7

Action                   || total
-------------------------++-------
Melee: Short sword       ||    36
       Dagger            ||    43
Throw: Stone             ||     7
Evoke: Wand              ||     4
 Stab: Sleeping          ||     6
Armor: Robe              ||    11
Dodge: Dodged            ||    46

Table legend:
 A = Spawn XP
 B = Non-spawn XP
 C = Spawn XP percentage of total XP
 D = Spawn monster count
 E = Non-spawn monster count
 F = Spawn count percentage of total count
 G = Total turns spent on level
                    A         B        C        D         E        F      G
               +---------+---------+-------+---------+---------+-------+---------
         Total |       0 |      74 |   0.0 |       0 |      24 |   0.0 |  2269
               +---------+---------+-------+---------+---------+-------+---------
           D:1 |       0 |      18 |   0.0 |       0 |      11 |   0.0 |  1296
           D:2 |       0 |      56 |   0.0 |       0 |      13 |   0.0 |   973
               +---------+---------+-------+---------+---------+-------+---------
